 Dungeon Crawl Stone Soup version 0.13-a0-2485-g242ae62 (webtiles) character file.

494 Kae the Firebug (level 6, -1/36 HPs)
             Began as an Octopode Fire Elementalist on July 21, 2013.
             Slain by an orc wizard
             ... wielding a -1,+1 orcish dagger
              (3 damage)
             ... on Level 4 of the Dungeon.
             The game lasted 00:10:17 (3859 turns).

Kae the Firebug (Octopode Fire Elementalist)        Turns: 3859, Time: 00:10:17

HP  -1/36        AC  1     Str 12      XL: 6   Next: 41%
MP   4/12        EV 12     Int 19      God:
Gold 184         SH  0     Dex 13      Spells:  4 memorised,  1 level left

Res.Fire  : . . .   See Invis. : +   p - -3,+1 short sword
Res.Cold  : . . .   Warding    : .   (no shield)
Life Prot.: . . .   Conserve   : .   (helmet restricted)
Res.Poison: .       Res.Corr.  : .   (no amulet)
Res.Elec. : .       Clarity    : .   g - ring of see invisible
Sust.Abil.: . .     Spirit.Shd : .   (no ring)
Res.Mut.  : .       Stasis     : .   (no ring)
Res.Rott. : .       Flight     : .   (no ring)
Saprovore : . . .                    (no ring)
                                     (no ring)
                                     (no ring)
                                     (no ring)

@: mighty, slowed, very slow, slightly resistant to hostile enchantments, quite
stealthy
A: almost no armour, amphibious, 8 rings, constrict 8, camouflage 1, AC +1
a: no special abilities


You were on level 4 of the Dungeon.
You were not hungry.

You visited 1 branch of the dungeon, and saw 4 of its levels.

You collected 164 gold pieces.

Inventory:

Hand weapons
 e - a +0,+0 dagger (quivered)
 p - a -3,+1 short sword (weapon)
Comestibles
 c - 5 bread rations
 m - 2 chokos
 w - a beef jerky
Scrolls
 j - 5 scrolls of identify
 q - 2 scrolls of curse armour
 s - 2 scrolls of amnesia
 y - 2 scrolls of remove curse
Jewellery
 g - a ring of see invisible (left tentacle)
 k - an uncursed amulet of inaccuracy
Potions
 d - a potion of porridge {unknown}
 h - a potion of speed {unknown}
 i - a potion of brilliance {unknown}
 t - a potion of might
 u - a potion of magic {unknown}
 x - a potion of mutation {unknown}
Books
 b - a book of Flames

   Spells                             Type                      Level
   *Flame Tongue                      Conjuration/Fire             1
   *Throw Flame                       Conjuration/Fire             2
   *Conjure Flame                     Conjuration/Fire             3
   Inner Flame                        Hexes/Fire                   3
   *Sticky Flame                      Conjuration/Fire             4
   Fireball                           Conjuration/Fire             5


   Skills:
 - Level 2.0 Dodging
 - Level 2.6 Stealth
 + Level 3.0 Spellcasting
 * Level 3.7 Conjurations
 * Level 4.8 Fire Magic


You had one spell level left.
You knew the following spells:

 Your Spells              Type           Power        Failure   Level  Hunger
a - Flame Tongue          Conj/Fire      ###..        2%          1    None
b - Throw Flame           Conj/Fire      ###...       4%          2    ##.....
c - Conjure Flame         Conj/Fire      ###.....     10%         3    ###....
d - Sticky Flame          Conj/Fire      ###.....     28%         4    ####...


Dungeon Overview and Level Annotations

Branches:
Dungeon (4/27)
 Temple: D:4-7

Altars:
Ashenzari
Fedhas
Makhleb
Okawaru
Xom
Yredelemnul
Zin

Annotations
D:4 Eustachio


Innate Abilities, Weirdness & Mutations

You cannot wear most types of armour.
You are amphibious.
You can wear up to eight rings at the same time.
You can use your tentacles to constrict many enemies at once.
Your skin changes colour to match your surroundings (Stlth).
Your rubbery body absorbs attacks (AC +1).


Message History

* * * LOW HITPOINT WARNING * * *
The orc wizard hits you but does no damage.
Unknown command.
Drink which item? (? for menu, Esc to quit)
You feel better. The giant gecko skeleton misses you.
The orc wizard hits you but does no damage.
The orc hits you with an orcish club.
The giant gecko skeleton barely misses you.
The orc wizard closely misses you. The orc misses you.
The orc wizard barely misses you. The orc hits you with an orcish club!
* * * LOW HITPOINT WARNING * * *
The orc wizard hits you with an orcish dagger.
* * * LOW HITPOINT WARNING * * *
Read which item? (? for menu, Esc to quit)
Okay, then.
Drink which item? (? for menu, Esc to quit)
You feel very mighty all of a sudden.
It was a potion of might.
The orc misses you.
The orc wizard hits you with an orcish dagger.
You die...

............###...
...............# #.#.
.....######.....#
#.#.
.................#
#.#.
........%h........#
.... .... #.........
....
.....##.......####
.....
...................
....
...........o@...# ###
...##......o#....# #
............#z...# #
...........[%........
#
.............#.......
.............#......
...................
..........##....#
##........# ....


You could see a hound, an orc wizard, an orc and a giant gecko skeleton.

Vanquished Creatures
  A goliath beetle (D:3)
  A crimson imp (D:3)
  A centaur skeleton (D:4)
  A scorpion (D:3)
  6 adders
  3 worms (D:2)
  2 giant geckos (D:3)
  An ooze (D:2)
  12 orcs
  A ball python (D:2)
  5 giant cockroaches
  19 goblins
  12 hobgoblins
  7 jackals (D:3)
  10 kobolds
  2 quokkas (D:3)
  5 bats
  3 giant newts
  A hobgoblin skeleton (D:4)
  A kobold skeleton (D:4)
  6 rats
100 creatures vanquished.

Notes
Turn   | Place    | Note
--------------------------------------------------------------
     0 | D:1      | Kae, the Octopode Fire Elementalist, began the quest for the Orb.
     0 | D:1      | Reached XP level 1. HP: 11/11 MP: 3/3
     3 | D:1      | Noticed a giant goldfish
     3 | D:1      | Noticed a shark
   251 | D:1      | Reached XP level 2. HP: 13/17 MP: 0/4
   265 | D:1      | Learned a level 2 spell: Throw Flame
   634 | D:1      | Reached XP level 3. HP: 17/21 MP: 6/6
  1117 | D:2      | Reached XP level 4. HP: 27/27 MP: 2/8
  1166 | D:2      | Learned a level 3 spell: Conjure Flame
  2225 | D:3      | Reached skill level 4 in Fire Magic
  2472 | D:3      | HP: 1/27 [adder (3)]
  2475 | D:3      | Reached XP level 5. HP: 9/31 MP: 1/9
  2982 | D:3      | Found an iron altar of Okawaru.
  3283 | D:3      | Reached XP level 6. HP: 36/36 MP: 12/12
  3299 | D:3      | Learned a level 4 spell: Sticky Flame
  3553 | D:3      | Found a shattered altar of Ashenzari.
  3556 | D:3      | Found a burning altar of Makhleb.
  3557 | D:3      | Found a basalt altar of Yredelemnul.
  3557 | D:3      | Found a blossoming altar of Fedhas.
  3557 | D:3      | Found a glowing silver altar of Zin.
  3558 | D:3      | Found a shimmering altar of Xom.
  3816 | D:4      | Noticed Eustachio
  3859 | D:4      | Slain by an orc wizard

Action                   |  1- 3 |  4- 6 || total
-------------------------+-------+-------++-------
Melee: Unarmed           |     6 |       ||     6
       Dagger            |    32 |     6 ||    38
       Short sword       |       |    73 ||    73
 Cast: Flame Tongue      |    38 |    99 ||   137
       Throw Flame       |       |     8 ||     8
       Conjure Flame     |       |     2 ||     2
  Use: Potion            |       |     3 ||     3
       Scroll            |       |     9 ||     9
 Stab: Sleeping          |     4 |     6 ||    10
